 Dungeon Crawl Stone Soup version 0.22.1-1-ga44c0e5 (webtiles) character file.

5 Anon1729 the Sneak (level 1, -3/16 HPs)
             Began as a Formicid Assassin on Oct 25, 2018.
             Slain by a slime creature (12 damage)
             ... on level 13 of the Dungeon.
             The game lasted 00:01:53 (387 turns).

Anon1729 the Sneak (Formicid Assassin)               Turns: 387, Time: 00:01:53

Health: -3/16      AC:  3    Str: 15    XL:     1   Next: 88%
Magic:  1/1        EV: 11    Int: 10    God:
Gold:   15         SH:  0    Dex: 12    Spells: 0/0 levels left

rFire    . . .     SeeInvis +   i - +1 dagger (venom)
rCold    . . .     Gourm    .   (no shield)
rNeg     . . .     Faith    .   c - +0 robe
rPois    .         Spirit   .   (helmet unavailable)
rElec    .         Reflect  .   d - +0 cloak
rCorr    .         Harm     .   (no gloves)
MR       .....                  (no boots)
Stlth    +++.......             (no amulet)
HPRegen  0.05/turn              j - ring of teleportation (curse)
MPRegen  0.07/turn              (no ring)

@: no status effects
A: permanent stasis, dig shafts and tunnels, four strong arms, antennae 3
a: Dig, Shaft Self


You were on level 13 of the Dungeon.
You were hungry.

You visited 1 branch of the dungeon, and saw 7 of its levels.
You also visited: Bailey.

You collected 15 gold pieces.

Inventory:

Hand Weapons
 a - a +2 dagger
 b - a +0 blowgun
 i - a +1 dagger of venom (weapon)
 n - a +2 vampiric spear
Missiles
 e - 8 poisoned needles
 f - 2 curare-tipped needles
Armour
 c - a +0 robe (worn)
 d - a +0 cloak (worn)
Jewellery
 j - a cursed ring of teleportation (left hand)
Scrolls
 l - a scroll of identify {unknown}
Potions
 k - a potion of mutation {unknown}
 m - a potion of curing {unknown}
Comestibles
 g - 2 rations


   Skills:
 + Level 2.2 Fighting
 + Level 2.1 Short Blades
 + Level 2.0 Throwing
 + Level 0.8 Dodging
 + Level 5.1 Stealth


You couldn't memorise any spells.
You didn't know any spells.
Your spell library contained the following spells:

 Spells                   Type           Power        Failure   Level  Hunger
 Magic Dart               Conj           #...         36%         1    ##.....
 Call Imp                 Summ           #.......     50%         2    ###....
 Slow                     Hex            #.......     50%         2    ###....
 Conjure Flame            Conj/Fire      #.......     75%         3    ####...
 Mephitic Cloud           Conj/Pois/Air  #.......     75%         3    ####...
 Blink                    Tloc           Unusable     N/A         2    N/A

Dungeon Overview and Level Annotations

Branches:
Dungeon (7/15)             Vaults (0/5) D:13
 Temple: D:4-7

Altars:

Shops:
D:5 =


Innate Abilities, Weirdness & Mutations

You cannot be hasted, slowed, berserked, paralysed or teleported.
You can dig through walls and to a lower floor.
Your four strong arms can wield two-handed weapons with a shield.
You have a pair of large antennae on your head. (SInv)


Message History

6 slime creatures, a worker ant, a kobold and 3 yaktaurs come into view.
The yaktaur captain shouts!
The yaktaur shouts!
The slime creature quivers.
The yaktaur shouts!
The slime creature quivers.
The worker ant twitches its antennae in your direction.
You hear a shout! x3
The slime creature quivers.
Found a cloak.
Found a gate to the Vaults.
Unknown command.
Are you sure you want to shaft yourself?
You are feeling hungry.
The slime creature barely misses you.
The yaktaur wields an arbalest.
The yaktaur shoots a bolt.
The bolt hits you!
The slime creature quivers. x2
You hear a shout!
You begin to dig a shaft.
You continue digging a shaft.
The slime creature hits you!
Ouch! That really hurt!
You die...

.K.#### ..K....
..[...c ##
#c.K...#.
#∩..J....
###c..J.#
......JJ#
#.a..@#
......JJ.......
.....##########
####


You could see a yaktaur captain, 6 slime creatures, 2 yaktaurs, a big kobold, a
worker ant and 2 kobolds.

Vanquished Creatures
  A worm (D:3)
  A giant cockroach (D:3)
  A bat (D:3)
3 creatures vanquished.

Notes
Turn   | Place    | Note
-------+----------+-------------------------------------------
     0 | D:1      | Anon1729 the Formicid Assassin began the quest for the Orb.
     0 | D:1      | Reached XP level 1. HP: 16/16 MP: 1/1
     3 | D:1      | You fall through a shaft!
     6 | D:2      | You fall through a shaft!
    57 | D:3      | Reached skill level 5 in Stealth
   165 | D:3      | You fall through a shaft for 2 floors!
   165 | D:5      | Entered Level 5 of the Dungeon
   165 | D:5      | Found Folluill's Jewellery Shop.
   165 | D:5      | Noticed an orc priest
   165 | D:5      | Noticed an orc wizard
   165 | D:5      | Noticed an orc wizard
   168 | D:5      | You fall through a shaft for 2 floors!
   171 | D:7      | Found a flagged portal.
   365 | Bailey   | Entered a bailey
   365 | Bailey   | Noticed an orc warrior
   365 | Bailey   | Noticed an orc knight
   365 | Bailey   | Noticed an orc warrior
   365 | Bailey   | Noticed an orc warrior
   365 | Bailey   | Noticed an orc warrior
   365 | Bailey   | Noticed an orc warrior
   378 | D:7      | Noticed a crimson imp
   378 | D:7      | Noticed a worker ant
   379 | D:7      | Noticed a hound
   382 | D:7      | You fall through a shaft for 3 floors!
   382 | D:10     | Entered Level 10 of the Dungeon
   385 | D:10     | You fall through a shaft for 3 floors!
   385 | D:13     | Found a gate to the Vaults.
   385 | D:13     | Noticed a yaktaur captain
   385 | D:13     | Noticed a yaktaur
   385 | D:13     | Noticed a yaktaur
   385 | D:13     | Noticed a worker ant
   385 | D:13     | Noticed a slime creature
   385 | D:13     | Noticed a slime creature
   385 | D:13     | Noticed a slime creature
   385 | D:13     | Noticed a slime creature
   385 | D:13     | Noticed a slime creature
   385 | D:13     | Noticed a slime creature
   386 | D:13     | Noticed a big kobold
   387 | D:13     | Slain by a slime creature

Skill      XL: |  1 |
---------------+----+-----
Stealth        | 5 |  5.1
Fighting       | |  2.2
Short Blades   | |  2.1
Throwing       | |  2.0
Dodging        | |  0.8

Action                   || total
-------------------------++-------
Melee: Dagger            ||    11
 Abil: Shaft Self        ||     7
 Stab: Sleeping          ||     2
Dodge: Dodged            ||     6
